 Dungeon Crawl Stone Soup version 0.27-a0-1504-g1715c4e (webtiles) character file.

Game seed: 13982045990262536697

93 Dect the Grasshopper (level 4, -1/38 HPs)
             Began as a Gnoll Warper on July 8, 2021.
             Slain by a worm (4 damage)
             ... on level 2 of the Dungeon.
             The game lasted 00:02:43 (1506 turns).

Dect the Grasshopper (Gnoll Warper)                 Turns: 1506, Time: 00:02:44

Health: -1/38      AC:  3    Str: 10    XL:     4   Next: 61%
Magic:  11/11      EV: 13    Int: 13    God:
Gold:   67         SH:  0    Dex: 12    Spells: 13/13 levels left

rFire    . . .     SeeInvis .   e - +0 falchion (holy)
rCold    . . .     Faith    .   (no shield)
rNeg     . . .     Spirit   .   b - +0 leather armour
rPois    .         Reflect  .   (no helmet)
rElec    .         Harm     .   (no cloak)
rCorr    .         Rampage  .   (no gloves)
Will     .....                  (no boots)
Stlth    +.........             (no amulet)
HPRegen  0.12/turn              (no ring)
MPRegen  0.12/turn              (no ring)

@: no status effects
A: fangs 1, strong nose, distributed training
a: no special abilities


You were on level 2 of the Dungeon.
You visited 1 branch of the dungeon, and saw 2 of its levels.

You collected 67 gold pieces.

Inventory:

Hand Weapons
 a - a +0 falchion
 e - a +0 falchion of holy wrath (weapon)
Missiles
 d - 5 boomerangs of dispersal (quivered)
Armour
 b - a +0 leather armour (worn)
Jewellery
 g - an amulet of guardian spirit
 l - a ring of fire
Scrolls
 c - a scroll of blinking
 f - 5 scrolls of identify {unknown}
 i - a scroll of fear {unknown}
 k - a scroll of enchant weapon {unknown}
Potions
 h - a potion of ambrosia {unknown}
 j - a potion of flight {unknown}
 m - a potion of curing {unknown}
 n - a potion of heal wounds {unknown}


   Skills:
 + Level 4.6 Fighting
 + Level 1.2 Short Blades
 + Level 4.6 Long Blades
 + Level 1.2 Axes
 + Level 1.2 Maces & Flails
 + Level 1.2 Polearms
 + Level 1.2 Staves
 + Level 1.2 Slings
 + Level 1.2 Bows
 + Level 1.2 Crossbows
 + Level 2.8 Throwing
 + Level 2.8 Armour
 + Level 4.6 Dodging
 + Level 1.2 Stealth
 + Level 1.2 Shields
 + Level 1.2 Unarmed Combat
 + Level 5.1 Spellcasting
 + Level 1.0 Conjurations
 + Level 1.0 Hexes
 + Level 1.0 Summonings
 + Level 1.0 Necromancy
 + Level 5.5 Translocations
 + Level 1.0 Transmutations
 + Level 1.0 Fire Magic
 + Level 1.0 Ice Magic
 + Level 1.0 Air Magic
 + Level 1.0 Earth Magic
 + Level 1.0 Poison Magic
 + Level 1.3 Invocations
 + Level 1.2 Evocations


You had 13 spell levels left.
You didn't know any spells.
Your spell library contained the following spells:

 Spells                   Type           Power      Damage    Failure   Level
 Blink                    Tloc           N/A        N/A       3%          2
 Gell's Gravitas          Tloc           8%         N/A       8%          3
 Lesser Beckoning         Tloc           8%         N/A       8%          3
 Teleport Other           Tloc           17%        N/A       8%          3
 Manifold Assault         Tloc           17%        N/A       56%         5


Dungeon Overview and Level Annotations

Branches:
Dungeon (2/15)

Altars:


Innate Abilities, Weirdness & Mutations

You have very sharp teeth.
Your uncanny sense of smell can sniff out nearby items.
Your experience applies equally to all skills.


Message History

You kill the rat!
The bat skeleton hits you but does no damage.
The bat skeleton closely misses you. The ball python skeleton bites you.
* * * LOW HITPOINT WARNING * * *
The ball python skeleton closely misses you.
The bat skeleton closely misses you.
Items here: ††††.
Unknown command.
The bat skeleton completely misses you. The bat skeleton closely misses you.
You hit the bat skeleton.
The bat skeleton convulses.
You destroy the bat skeleton!
Unknown command.
You hit the ball python skeleton.
The ball python skeleton convulses.
The ball python skeleton is moderately damaged.
The ball python skeleton bites you but does no damage.
The ball python skeleton barely misses you.
You barely miss the ball python skeleton.
You bite the ball python skeleton.
The ball python skeleton is heavily damaged.
The ball python skeleton closely misses you.
The ball python skeleton completely misses you.
You hit the ball python skeleton.
The ball python skeleton convulses.
You destroy the ball python skeleton!
You hit the worm.
The worm is moderately wounded.
You hit the worm.
The worm is heavily wounded.
The worm barely misses you.
You riposte.
You hit the worm. You bite the worm, but do no damage.
The worm is heavily wounded.
You barely miss the worm. Your bite misses the worm.
The worm is heavily wounded.
The worm bites you.
* * * LOW HITPOINT WARNING * * *
You hit the worm.
The worm is severely wounded.
You hit the worm.
The worm is severely wounded.
The worm bites you.
You die...

##.....##..# #......##†.#
#.....###..## #..8........#
#......##...# #...Z.###...#
###..## #...#
..####.#####†..#
#......w@......#
#############..#
##............######
.#####...########.###...#####
.............####.# #.#......
#####...#........# #...#####
##.####.###### ##.## #.#
#..###### #.# #.# #.......#
#.#


You could see a worm.

Vanquished Creatures
  2 adders (D:2)
  2 adder zombies (D:2)
  An adder skeleton (D:2)
  2 dart slugs (D:1)
  8 bats
  A bat skeleton (D:2)
  3 endoplasms
  A giant cockroach (D:2)
  5 goblins
  4 hobgoblins
  7 jackals
  3 kobolds
  2 quokkas
  5 ball pythons
  A ball python skeleton (D:2)
  2 frilled lizards
  A jackal zombie (D:2)
  A quokka zombie (D:2)
  8 rats
59 creatures vanquished.

Vanquished Creatures (others)
  2 withered plants (D:2)
2 creatures vanquished.

Grand Total: 61 creatures vanquished

Notes
Turn   | Place    | Note
-------+----------+-------------------------------------------
     0 | D:1      | Dect the Gnoll Warper began the quest for the Orb.
     0 | D:1      | Reached XP level 1. HP: 20/20 MP: 6/6
    96 | D:1      | Reached XP level 2. HP: 24/26 MP: 7/7
   568 | D:1      | Reached XP level 3. HP: 26/31 MP: 9/9
   620 | D:1      | Reached skill level 5 in Spellcasting
   969 | D:2      | Reached skill level 1 in Invocations
  1301 | D:2      | Reached skill level 1 in Short Blades
  1301 | D:2      | Reached skill level 1 in Axes
  1301 | D:2      | Reached skill level 1 in Maces & Flails
  1301 | D:2      | Reached skill level 1 in Polearms
  1301 | D:2      | Reached skill level 1 in Staves
  1301 | D:2      | Reached skill level 1 in Slings
  1301 | D:2      | Reached skill level 1 in Bows
  1301 | D:2      | Reached skill level 1 in Crossbows
  1301 | D:2      | Reached skill level 1 in Stealth
  1301 | D:2      | Reached skill level 1 in Shields
  1301 | D:2      | Reached skill level 1 in Unarmed Combat
  1301 | D:2      | Reached skill level 1 in Evocations
  1357 | D:2      | Reached XP level 4. HP: 32/38 MP: 11/11
  1491 | D:2      | Reached skill level 1 in Conjurations
  1491 | D:2      | Reached skill level 1 in Hexes
  1491 | D:2      | Reached skill level 1 in Summonings
  1491 | D:2      | Reached skill level 1 in Necromancy
  1491 | D:2      | Reached skill level 1 in Transmutations
  1491 | D:2      | Reached skill level 1 in Fire Magic
  1491 | D:2      | Reached skill level 1 in Ice Magic
  1491 | D:2      | Reached skill level 1 in Air Magic
  1491 | D:2      | Reached skill level 1 in Earth Magic
  1491 | D:2      | Reached skill level 1 in Poison Magic
  1506 | D:2      | Slain by a worm

Illustrated notes

Levels and vault maps discovered:
D:1:      ncdulo_watergridlock, layout_loops_cross, st_stairs_5
D:2:      layout_loops_ring, hellmonk_ecumenical_altar_pennies_from_heaven,
          serial_undead, serial_undead_f, serial_undead_c, serial_undead_d,
          serial_undead_a, serial_undead_d, serial_undead_f

Skill      XL: |  1  2  3  4 |
---------------+-------------+-----
Spellcasting   | 5 |  5.1
Invocations    | 1 |  1.3
Short Blades   | 1 |  1.2
Axes           | 1 |  1.2
Maces & Flails | 1 |  1.2
Polearms       | 1 |  1.2
Staves         | 1 |  1.2
Slings         | 1 |  1.2
Bows           | 1 |  1.2
Crossbows      | 1 |  1.2
Stealth        | 1 |  1.2
Shields        | 1 |  1.2
Unarmed Combat | 1 |  1.2
Evocations     | 1 |  1.2
Conjurations   | 1 |  1.0
Hexes          | 1 |  1.0
Summonings     | 1 |  1.0
Necromancy     | 1 |  1.0
Transmutations | 1 |  1.0
Fire Magic     | 1 |  1.0
Ice Magic      | 1 |  1.0
Air Magic      | 1 |  1.0
Earth Magic    | 1 |  1.0
Poison Magic   | 1 |  1.0
Fighting       | |  4.6
Long Blades    | |  4.6
Throwing       | |  2.8
Armour         | |  2.8
Dodging        | |  4.6
Translocations | |  5.5

Action                   |  1- 3 |  4- 6 || total
-------------------------+-------+-------++-------
Melee: Falchion          |   161 |    47 ||   208
       Bite              |    14 |     8 ||    22
       Punch             |     1 |       ||     1
Armor: Leather armour    |    69 |    17 ||    86
Dodge: Dodged            |   115 |    46 ||   161
       Rpst.: Falchion   |    36 |    16 ||    52

Table legend: (Time is in decaauts)
 A = Elapsed time spent in this place.
 B = Non-inter-level travel time spent in this place.
 C = Inter-level travel time spent in this place.
 D = Time resting spent in this place.
 E = Time spent auto-exploring this place.
 F = Levels seen in this place.
 G = Mean time per level.
                   A        B        C        D        E       F      G
               +--------+--------+--------+--------+--------+-----+--------+
         Total |   1520 |   1492 |     28 |      0 |   1130 |   2 |  760.0 |
       Dungeon |   1520 |   1492 |     28 |      0 |   1130 |   2 |  760.0 |
               +--------+--------+--------+--------+--------+-----+--------+

Top non-repeatable levels by time:
     D:1: 969 daAuts
     D:2: 551 daAuts
